 Dungeon Crawl Stone Soup version 0.20.0-10-g0535bb4 (webtiles) character file.

116336 kuniqs the Fighter (level 16, -5/88 HPs)
             Began as a Vine Stalker Berserker on June 3, 2017.
             Was the Champion of Trog.
             Shot with an arrow by a centaur warrior (13 damage)
             ... on level 15 of the Dungeon.
             The game lasted 00:46:33 (22193 turns).

kuniqs the Fighter (Vine Stalker Berserker)        Turns: 22193, Time: 00:46:33

Health: -5/88      AC: 26    Str: 27    XL:     16   Next: 35%
Magic:  0/17       EV: 13    Int:  7    God:    Trog [******]
Gold:   559        SH: 13    Dex: 15    Spells: 15/15 levels left

rFire    + . .     SeeInvis +   Z - +9 rapier (drain)
rCold    + . .     Gourm    .   T - +0 shield
rNeg     . . .     Faith    .   A - +0 plate armour
rPois    +         Spirit   +   o - +3 helmet of a Thousand Ghosts {rElec}
rElec    +         Reflect  .   Q - scarf {cloud immunity}
rCorr    .         Harm     .   p - +2 pair of gloves
MR       ++...                  S - +0 pair of boots
Stlth    ..........             x - amulet of Divine Compulsion {+Rage rPois rF+ Str+3 Dex-2}
Regen    1.1/turn               L - +2 ring of slaying
MPRegen  0.2/turn               R - ring of see invisible

@: no status effects
A: fangs 3, yellow scales 1, cold resistance 1, regeneration 2, magic shield,
antimagic bite, no potion heal 3, rot immunity
}: 1/15 runes: barnacled
a: Berserk, Trog's Hand, Brothers in Arms, Burn Spellbooks, Renounce Religion,
Evoke Berserk Rage


You were on level 15 of the Dungeon.
You worshipped Trog.
Trog was exalted by your worship.
You were not hungry.

You visited 4 branches of the dungeon, and saw 27 of its levels.

You collected 2368 gold pieces.
You spent 1809 gold pieces at shops.

Inventory:

Hand Weapons
 Z - a +9 rapier of draining (weapon)
Missiles
 k - 4 needles of confusion
 l - 26 tomahawks (quivered)
 W - 3 throwing nets
Armour
 o - the +3 helmet of a Thousand Ghosts (worn) {rElec}
   (You bought it in a shop on level 2 of the Orcish Mines)

   It insulates you from electricity.
 p - a +2 pair of gloves (worn)
 A - a +0 plate armour (worn)
 Q - a scarf of cloud immunity (worn)
 S - a +0 pair of boots (worn)
 T - a +0 shield (worn)
Jewellery
 b - an uncursed ring of resist corrosion
 n - an uncursed ring of protection from magic
 x - the amulet of Divine Compulsion (around neck) {+Rage rPois rF+ Str+3 Dex-2}
   (You bought it in a shop on level 10 of the Dungeon)

   [amulet of rage]

   It affects your strength (+3).
   It affects your dexterity (-2).
   It protects you from fire.
   It protects you from poison.
   It lets you go berserk.
 L - a +2 ring of slaying (left hand)
 R - a ring of see invisible (right hand)
Wands
 z - a wand of flame (11/48)
 G - a wand of lightning (7/15)
 M - a wand of paralysis (1/24)
 U - a wand of iceblast (5/15)
 X - a wand of iceblast (8/15)
Scrolls
 a - 2 scrolls of magic mapping
 h - 12 scrolls of identify {@r1}
 i - 3 scrolls of enchant armour
 q - 9 scrolls of teleportation
 r - 5 scrolls of remove curse {@r2}
 t - a scroll of silence
 u - a scroll of blinking
 v - a scroll of noise {unknown}
 w - a scroll of summoning
 C - 4 scrolls of recharging
 E - a scroll of fear
 H - 2 scrolls of fog
 I - a scroll of holy word
 K - a scroll of immolation
 P - a scroll of brand weapon
Potions
 g - 2 potions of haste
 m - 5 potions of mutation
 s - 6 potions of curing {@q1}
 B - a potion of flight
 J - 3 potions of cancellation
 V - 2 potions of agility
 Y - a potion of might
Comestibles
 c - 7 royal jellies
 d - 10 bread rations
 e - 15 meat rations
 f - 14 fruits
 j - 4 chunks of flesh


   Skills:
 + Level 12.0 Fighting
 + Level 11.4 Short Blades
 + Level 6.4 Throwing
 + Level 11.1 Armour
 + Level 11.0 Dodging
 + Level 11.6 Shields


You had 15 spell levels left.
You didn't know any spells.

Dungeon Overview and Level Annotations

Branches:
Dungeon (15/15)            Temple (0/1) D:7            Lair (6/6) D:9
 Shoals (4/4) Lair:2        Snake (0/4) Lair:2        Slime (0/5) Lair:5
    Orc (2/2) D:11            Elf (0/3) Orc:2        Vaults (0/5) D:14
 Depths (0/5) D:15

Altars:
Cheibriados
Elyvilon
Hepliaklqana
Makhleb
Ru
Trog
Yredelemnul
Beogh

Shops:
D:10 =   D:12 [   Orc:2 (?[[(

Portals:
Labyrinth: D:15

Annotations:
D:9 1 exclusion
Lair:5 exclusion: oklob plant


Innate Abilities, Weirdness & Mutations

You have razor-sharp teeth.
You heal very quickly.
When hurt, damage is shared between your health and your magic reserves.
Your bite disrupts and absorbs the magic of your enemies.
Potions cannot restore your health.
You are immune to rotting.
You are partially covered in yellow scales. (AC +2)
Your flesh is cold resistant. (rC+)


Message History

The centaur warrior wields a shortbow.
The centaur warrior shoots an arrow.
The arrow hits you!!
* * * LOW HITPOINT WARNING * * *
You see here an arrow.
The centaur warrior unwields an uncursed shortbow.
The centaur warrior barely misses you. The centaur warrior hits you.
* * * LOW HITPOINT WARNING * * *
You block the centaur warrior's attack.
There is an open door here.
The centaur warrior hits you but does no damage.
The centaur warrior wields an uncursed shortbow.
The centaur warrior shoots an arrow.
The arrow hits you.
* * * LOW HITPOINT WARNING * * *
You see here an arrow.
The centaur warrior shoots an arrow.
The arrow hits you!
* * * LOW HITPOINT WARNING * * *
You see here an arrow.
The centaur warrior shoots an arrow.
The arrow hits you!
You die...

******* * *,,,,,*
#######*************** *,,,,,*
#....<#,,,,,,,*,,,*,,+ *,,,,,*
#....(#,,,,,,,+,,,*,,*
*,,,,,**#######(#####+########,,
******,,.......@..............**
*,,.......((.l...........*
*,,.........(cJJ.........*
******,,.......()....(........**
*,,,,***#####.)).##'##J.......,,
*,,,,* *,,,#....#...#.J......,,
*,,,,* *,,,+....#...#........,,
*,,,,* *,,,#....#...#J.......,,
*,,,,* *,,,#....#...#.....###**


You could see a large slime creature, 2 slime creatures, a centaur warrior and a
wyvern.

Vanquished Creatures
  Kirke (D:13)
  2 orc warlords
  Snorg (Lair:3)
  5 merfolk impalers
  2 merfolk javelineers
  The ghost of skittles the Archer, a journeyman DrFE of Okawaru (D:12)
  A fire dragon (Lair:6)
  Erolcha (D:12)
  A vault guard (D:14)
  9 hydras
  2 centaur warriors (D:14)
  A merfolk avatar (Shoals:3)
  A merfolk aquamancer (Shoals:3)
  3 two-headed ogres
  2 death knights
  6 death yaks
  2 orc high priests
  4 sea snakes
  A wizard (D:14)
  A kraken simulacrum (Shoals:4)
  2 lindwurms
  A wolf spider zombie (D:9)
  3 orc knights (Orc:1)
  2 ugly things
  4 orc sorcerers
  A faun (Shoals:3)
  4 cyclopes
  4 manticores
  23 elephants
  5 black mambas
  An ice statue (Shoals:1)
  2 merfolk sirens
  A water nymph (Shoals:2)
  2 molten gargoyles (Lair:6)
  4 centaur zombies
  Psyche (D:8)
  7 spiny frogs
  A torpor snail (Lair:3)
  Joseph (D:8)
  3 gargoyles
  3 rime drakes
  10 komodo dragons
  4 yaktaurs (D:15)
  An efreet (D:14)
  A polar bear (Lair:6)
  3 meliai (D:15)
  5 merfolk
  2 trolls
  A hornet (D:13)
  Prince Ribbit (D:8)
  A wind drake (Shoals:3)
  7 slime creatures
  3 snapping turtles
  2 dream sheep (Shoals:3)
  14 blink frogs
  2 meliai zombies
  11 hippogriffs
  A shadow (D:12)
  Sigmund (D:6)
  A spriggan (D:9)
  A wraith (D:10)
  3 water elementals
  8 wyverns
  26 yaks
  Grum (D:8)
  A basilisk (Lair:6)
  3 hogs (D:13)
  3 steam dragons
  3 hungry ghosts
  Menkaure (D:7)
  3 wargs
  3 nagas (Lair:2)
  2 acid dragons (D:11)
  4 hell hounds (Lair:6)
  8 porcupines
  14 water moccasins
  70 orc warriors
  2 phantoms (D:9)
  2 black bears
  3 ice beasts
  2 necrophages
  5 sky beasts
  2 eyes of draining
  9 wolves
  11 centaurs
  17 ogres
  5 crocodiles
  Blork the orc (D:6)
  14 bullfrogs
  2 wyvern skeletons
  5 scorpions
  5 killer bees (D:10)
  7 wights
  8 howler monkeys
  4 electric eels
  6 crimson imps
  5 lava snakes (Lair:6)
  A quasit (D:9)
  A jelly (D:11)
  8 hounds
  A centaur skeleton (D:8)
  38 orc priests
  A gnoll shaman (D:4)
  Terence (D:2)
  3 iguanas
  41 orc wizards
  16 worker ants
  A killer bee zombie (D:8)
  2 hound zombies (D:6)
  A hound skeleton (D:10)
  A howler monkey zombie (D:8)
  9 adders
  7 gnolls
  A shadow imp (D:13)
  An ooze (D:5)
  An adder zombie (D:9)
  An adder skeleton (D:9)
  3 worms
  3 leopard geckos
  161 orcs
  8 giant cockroaches
  13 goblins
  8 hobgoblins
  7 jackals
  2 quokkas (D:2)
  A ball python (D:5)
  10 bats
  5 frilled lizards
  12 kobolds
  A leopard gecko skeleton (D:8)
  7 rats
839 creatures vanquished.

Vanquished Creatures (collateral kills)
  Rupert (Lair:5)
  A merfolk avatar (Shoals:4)
  A cyclops (Shoals:3)
  A molten gargoyle (Lair:6)
  Grinder (D:6)
  2 dream sheep (Shoals:3)
  5 orc warriors
  3 orc priests (D:11)
  An orc wizard (Orc:1)
  2 orcs (D:11)
18 creatures vanquished.

Vanquished Creatures (others)
  2 centaurs
  An adder (D:4)
  A worm (D:4)
  A fungus (Lair:3)
  8 plants
  8 tentacles (Shoals:4)
21 creatures vanquished.

Grand Total: 878 creatures vanquished

Notes
Turn   | Place    | Note
-------+----------+-------------------------------------------
     0 | D:1      | kuniqs the Vine Stalker Berserker began the quest for the Orb.
     0 | D:1      | Reached XP level 1. HP: 11/11 MP: 2/2
    63 | D:1      | Reached XP level 2. HP: 8/16 MP: 3/3
   952 | D:1      | Reached XP level 3. HP: 17/19 MP: 4/4
   986 | D:1      | Reached skill level 3 in Fighting
  1016 | D:1      | Reached ** piety under Trog
  1143 | D:2      | Noticed Terence
  1155 | D:2      | Killed Terence
  1234 | D:2      | Gained mutation: Your natural rate of healing is unusually fast. [Vine Stalker growth]
  1234 | D:2      | Reached XP level 4. HP: 18/24 MP: 5/5
  1363 | D:2      | Found a faded altar of an unknown god.
  1935 | D:3      | Found a white marble altar of Elyvilon.
  2377 | D:4      | Reached *** piety under Trog
  2377 | D:4      | Reached XP level 5. HP: 28/28 MP: 6/6
  2559 | D:4      | Reached skill level 1 in Shields
  2705 | D:4      | Noticed an ogre
  2706 | D:4      | Noticed an ogre
  2711 | D:4      | Killed an ogre
  2711 | D:4      | Reached XP level 6. HP: 33/33 MP: 7/7
  2717 | D:4      | Reached XP level 7. HP: 37/37 MP: 8/8
  2748 | D:4      | Reached skill level 4 in Fighting
  3077 | D:5      | Entered Level 5 of the Dungeon
  4061 | D:6      | Gained mutation: You have razor-sharp teeth. [Vine Stalker growth]
  4061 | D:6      | Reached XP level 8. HP: 39/42 MP: 9/9
  4090 | D:6      | Reached **** piety under Trog
  4221 | D:6      | Reached skill level 5 in Short Blades
  4300 | D:6      | Noticed Blork the orc
  4303 | D:6      | Noticed Sigmund
  4303 | D:6      | Noticed Grinder
  4316 | D:6      | Killed Blork the orc
  4328 | D:6      | Killed Sigmund
  4328 | D:6      | Reached skill level 5 in Fighting
  4353 | D:6      | Killed Grinder
  4353 | D:6      | Reached XP level 9. HP: 47/47 MP: 10/10
  4462 | D:6      | Found a burning altar of Makhleb.
  4693 | D:7      | Found a staircase to the Ecumenical Temple.
  4917 | D:7      | Reached skill level 5 in Armour
  4917 | D:7      | Reached skill level 5 in Dodging
  5254 | D:7      | Noticed Menkaure
  5261 | D:7      | Killed Menkaure
  5261 | D:7      | Reached skill level 6 in Fighting
  5261 | D:7      | Reached skill level 5 in Shields
  5431 | D:8      | Noticed Joseph
  5443 | D:8      | Killed Joseph
  5444 | D:8      | Reached XP level 10. HP: 53/53 MP: 11/11
  5481 | D:8      | Noticed Psyche
  5492 | D:8      | Killed Psyche
  5612 | D:8      | Noticed Grum
  5623 | D:8      | Killed Grum
  5962 | D:8      | Noticed a two-headed ogre
  5969 | D:8      | Killed a two-headed ogre
  6112 | D:8      | Noticed Prince Ribbit
  6128 | D:8      | Killed Prince Ribbit
  6458 | D:9      | Found a staircase to the Lair.
  6481 | D:9      | Reached ***** piety under Trog
  6528 | D:9      | Reached skill level 7 in Fighting
  6676 | D:9      | Noticed a gargoyle
  6686 | D:9      | Killed a gargoyle
  6717 | D:9      | Noticed a two-headed ogre
  6734 | D:9      | Killed a two-headed ogre
  6734 | D:9      | Reached XP level 11. HP: 58/58 MP: 12/12
  7168 | D:9      | Found a hazy altar of Hepliaklqana.
  7171 | D:9      | Found a bloodstained altar of Trog.
  7173 | D:9      | Found a snail-covered altar of Cheibriados.
  7417 | D:10     | Entered Level 10 of the Dungeon
  7610 | D:10     | Found Ciama's Jewellery Shoppe.
  7731 | D:10     | Found a roughly hewn altar of Beogh.
  7945 | D:10     | Reached skill level 8 in Fighting
  8455 | D:11     | Noticed a brown ugly thing
  8465 | D:11     | Killed a brown ugly thing
  8533 | D:11     | Received a gift from Trog
  8607 | D:11     | Gained mutation: You heal very quickly. [Vine Stalker growth]
  8607 | D:11     | Reached XP level 12. HP: 65/65 MP: 13/13
  9029 | D:11     | Found a staircase to the Orcish Mines.
  9145 | D:11     | Noticed a two-headed ogre
  9151 | D:11     | Killed a two-headed ogre
  9293 | D:12     | Found Xuoqisot's Antique Armour Boutique.
  9300 | D:12     | Bought a shield for 99 gold pieces
  9320 | D:12     | Noticed skittles's ghost (journeyman DrFE)
  9380 | D:12     | Killed skittles's ghost
  9426 | D:12     | Noticed Erolcha
  9496 | Orc:1    | Entered Level 1 of the Orcish Mines
  9725 | Orc:1    | Noticed an orc warlord
  9754 | Orc:1    | Received a gift from Trog
  9771 | Orc:1    | Killed an orc warlord
  9771 | Orc:1    | Reached skill level 9 in Fighting
  9841 | Orc:1    | Found a dark tunnel.
  9868 | Orc:2    | Entered Level 2 of the Orcish Mines
  9868 | Orc:2    | Found Feapnu's Magic Scroll Emporium.
 10285 | D:10     | Bought the amulet of Divine Compulsion {+Rage rPois rF+ Str+3 Dex-2} for 723 gold pieces
 10385 | Lair:1   | Entered Level 1 of the Lair of Beasts
 10802 | Lair:1   | Reached XP level 13. HP: 70/70 MP: 4/14
 11331 | Lair:2   | Found a staircase to the Shoals.
 11698 | Lair:2   | Found a staircase to the Snake Pit.
 12857 | Lair:2   | Reached skill level 10 in Fighting
 13090 | Lair:3   | Received a gift from Trog
 13155 | Lair:3   | Noticed Snorg
 13165 | Lair:3   | Killed Snorg
 13689 | Lair:4   | Found a basalt altar of Yredelemnul.
 13891 | Lair:4   | Reached skill level 10 in Shields
 13984 | Lair:4   | Reached XP level 14. HP: 77/77 MP: 15/15
 14443 | Lair:5   | Noticed Rupert
 14461 | Lair:5   | Killed Rupert
 14461 | Lair:5   | Reached skill level 1 in Throwing
 14812 | Lair:5   | Found a staircase to the Slime Pits.
 15297 | Lair:6   | Entered Level 6 of the Lair of Beasts
 15516 | Lair:6   | Reached skill level 10 in Short Blades
 15637 | Lair:6   | Found a large runed door.
 15637 | Lair:6   | Found a large runed door.
 15742 | Lair:6   | Received a gift from Trog
 16025 | Lair:6   | Reached skill level 10 in Dodging
 16165 | Lair:6   | Reached skill level 11 in Fighting
 16213 | Lair:6   | Reached skill level 10 in Armour
 16722 | D:10     | Bought an uncursed ring of protection from cold for 300 gold pieces
 16725 | D:10     | Bought a +2 ring of slaying for 252 gold pieces
 16841 | Shoals:1 | Entered Level 1 of the Shoals
 17178 | Shoals:3 | Reached XP level 15. HP: 66/82 MP: 16/16
 17296 | Shoals:4 | Entered Level 4 of the Shoals
 17401 | Shoals:3 | Received a gift from Trog
 17765 | Shoals:4 | Got a barnacled rune of Zot
 17887 | Lair:2   | Gained mutation: You are partially covered in yellow scales. (AC +2) [potion of mutation]
 17887 | Lair:2   | Gained mutation: You are dopey. (Int -2) [potion of mutation]
 17887 | Lair:2   | Lost mutation: You are dopey. (Int -2) [potion of mutation]
 17887 | Lair:2   | Gained mutation: Your flesh is cold resistant. (rC+) [potion of mutation]
 18157 | Orc:1    | Found a roughly hewn altar of Beogh.
 18678 | Orc:2    | Received a gift from Trog
 18685 | Orc:2    | Found a roughly hewn altar of Beogh.
 18833 | Orc:1    | Reached skill level 5 in Throwing
 19230 | Orc:2    | Received a gift from Trog
 19243 | Orc:2    | Noticed an orc warlord
 19274 | Orc:2    | Killed an orc warlord
 19349 | Orc:2    | Found Uham's Antique Armour Shoppe.
 19350 | Orc:2    | Found a roughly hewn altar of Beogh.
 19353 | Orc:2    | Found Puwiaw's Antique Weapon Emporium.
 19529 | Orc:2    | Found a roughly hewn altar of Beogh.
 19549 | Orc:2    | Found a staircase to the Elven Halls.
 19554 | Orc:2    | Received a gift from Trog
 19697 | Orc:2    | Found a roughly hewn altar of Beogh.
 19720 | Orc:2    | Found a roughly hewn altar of Beogh.
 19779 | Orc:2    | Found a roughly hewn altar of Beogh.
 19780 | Orc:2    | Found Korr's Armour Emporium.
 19805 | Orc:2    | Bought the +3 helmet of a Thousand Ghosts {rElec} for 435 gold pieces
 19850 | Orc:2    | Found a roughly hewn altar of Beogh.
 19868 | Orc:2    | Found Vurec's Antique Weapon Shoppe.
 20042 | D:12     | Killed Erolcha
 20150 | D:12     | Found a sacrificial altar of Ru.
 20196 | D:12     | Received a gift from Trog
 20788 | D:13     | Reached XP level 16. HP: 75/88 MP: 14/17
 20866 | D:13     | Noticed Kirke
 20884 | D:13     | Killed Kirke
 21506 | D:14     | Identified the +1 scale mail of Philately {-Cast +Inv rElec Dex+2} (You found it on level 14 of the Dungeon)
 21513 | D:14     | Found a gate to the Vaults.
 21582 | D:14     | Found a roughly hewn altar of Beogh.
 21610 | D:14     | Reached ****** piety under Trog
 22029 | D:15     | Entered Level 15 of the Dungeon
 22105 | D:14     | Reached skill level 12 in Fighting
 22150 | D:15     | Found a labyrinth entrance.
 22155 | D:15     | Received a gift from Trog
 22193 | D:15     | Shot with an arrow by a centaur warrior

Skill      XL: |  1  2  3  4  5  6  7  8  9 10 11 12 13 14 15 16 |
---------------+-------------------------------------------------+-----
Armour         | 2 3 4 5 6 7 8 9 10 11 | 11.1
Short Blades   | 3 4 5 6 7 8 9 10 11 | 11.4
Fighting       | 3 4 5 6 7 8 9 10 11 12 | 12.0
Dodging        | 2 3 4 5 6 7 8 9 10 11 | 11.0
Shields        | 1 2 4 5 6 7 9 10 11 | 11.6
Throwing       | 3 5 6 |  6.4

Action                   |  1- 3 |  4- 6 |  7- 9 | 10-12 | 13-15 | 16-18 || total
-------------------------+-------+-------+-------+-------+-------+-------++-------
Melee: Short sword       |   101 |   168 |   185 |    17 |       |       ||   471
       Bite              |    25 |    50 |   146 |   486 |   660 |   107 ||  1474
       Dagger            |       |       |   207 |   924 |       |       ||  1131
       Quick blade       |       |       |       |   204 |   203 |       ||   407
       Rapier            |       |       |       |       |  1327 |   224 ||  1551
Invok: Berserk           |     3 |     2 |     7 |    23 |    15 |     1 ||    51
       Brothers in Arms  |       |       |     1 |     4 |     5 |       ||    10
       Burn Spellbooks   |       |       |       |       |     2 |       ||     2
       Trog's Hand       |       |       |       |       |     2 |     1 ||     3
Evoke: Wand              |       |       |       |       |    11 |       ||    11
  Use: Scroll            |       |       |       |       |    19 |     2 ||    21
       Potion            |       |       |       |       |    10 |       ||    10
  Eat: Chunk             |     3 |     6 |    16 |    43 |    42 |     7 ||   117
       Fruit             |       |       |       |     1 |     1 |       ||     2
       Royal jelly       |       |       |       |       |     3 |       ||     3
Armor: Animal skin       |     8 |       |       |       |       |       ||     8
       Chain mail        |    13 |   104 |   109 |       |       |       ||   226
       Plate armour      |       |       |    23 |   255 |   472 |    47 ||   797
Dodge: Dodged            |    37 |    83 |   117 |   225 |   415 |    61 ||   938
Block: Other             |       |     2 |       |       |       |       ||     2
       Buckler           |       |    14 |    98 |   199 |       |       ||   311
       Reflection        |       |       |     5 |    10 |       |       ||    15
       Shield            |       |       |       |   101 |   774 |   126 ||  1001
